[Event "ICC tourney 2087 (3 2)"]
[Site "Internet Chess Club"]
[Date "2020.10.30"]
[Round "6"]
[White "MiamiBoy"]
[Black "challenger2010"]
[Result "0-1"]
[ICCResult "White checkmated"]
[WhiteElo "1697"]
[BlackElo "1905"]
[Opening "Sicilian: dragon, Yugoslav attack, Rauser variation"]
[ECO "B76"]
[NIC "SI.17"]
[Time "21:04:13"]
[TimeControl "180+2"]

1. e4 c5 2. Nf3 d6 3. d4 cxd4 4. Nxd4 Nf6 5. Nc3 g6 6. f3 Bg7 7. Be3 O-O 8.
Qd2 Nc6 9. O-O-O Nxd4 10. Bxd4 Be6 11. Kb1 Re8 12. h4 Qa5 13. g4 Rec8 14. a3
Rab8 15. Nb5 Qxd2 16. Rxd2 a6 17. Nc3 b5 18. h5 b4 19. axb4 Rxb4 20. Bxa6
Ra8 21. Be2 Nxe4 22. Nxe4 Bxd4 23. c3 Rba4 24. Kc2 Be5 25. Rdd1 Rb8 26. hxg6
Bb3+ 27. Kd3 hxg6 28. Rb1 Bf4 29. Bd1 Bc4+ 30. Kc2 Ra2 31. Re1 e6 32. Be2
Bb3+ 33. Kd3 d5 34. Nc5 Bc4+ 35. Kc2 Bxe2 36. Rxe2 Bd6 37. Nd3 Kg7 38. Kc1
Rh8 39. Kc2 Raa8 40. Rf1 Rh4 41. f4 Rxg4 42. Ne5 Rg3 43. Nd3 Rh8 44. Ne1 Rg4
45. Nd3 Rgh4 46. Ref2 R4h5 47. Kd2 Rb8 48. b4 d4 49. cxd4 Bxb4+ 50. Ke3 Bd6
51. Rf3 Rb3 52. Kd2 Rd5 53. Ke3 Ra3 54. R3f2 Ra4 55. Ne5 Raxd4 56. Nc6 Rd3+
57. Ke4 f5# {White checkmated} 0-1

[Event "ICC tourney 2087 (3 2)"]
[Site "Internet Chess Club"]
[Date "2020.10.30"]
[Round "6"]
[White "IndianTerritory"]
[Black "jy2020"]
[Result "0-1"]
[ICCResult "White resigns"]
[WhiteElo "1729"]
[BlackElo "1702"]
[Opening "Sicilian: Najdorf, Byrne (English) attack"]
[ECO "B90"]
[NIC "SI.14"]
[Time "21:04:08"]
[TimeControl "180+2"]

1. e4 c5 2. Nf3 d6 3. d4 cxd4 4. Nxd4 Nf6 5. Nc3 a6 6. Be3 e5 7. Nb3 Be6 8.
f3 h5 9. Qd2 Nbd7 10. O-O-O Rc8 11. Qf2 Be7 12. Be2 b5 13. Qg3 Kf8 14. Qe1
g6 15. g3 Kg7 16. h4 Qc7 17. Qd2 Nb6 18. Bg5 b4 19. Nb1 d5 20. Bxa6 Ra8 21.
Bxf6+ Bxf6 22. Bd3 Nc4 23. Qxb4 Be7 24. Qe1 d4 25. Bxc4 Bxc4 26. Na3 Bxa3
27. bxa3 Rxa3 28. Qb4 Rha8 29. Kd2 Rxa2 30. Nc5 Be6 31. Rb1 Rc8 32. Nxe6+
fxe6 33. Rhc1 Rxc2+ 34. Rxc2 Qxc2+ 35. Ke1 Qc3+ 36. Qxc3 dxc3 37. Rc1 Kf6
38. Ke2 g5 39. Kd3 gxh4 40. gxh4 Rg8 41. Rxc3 Rg3 42. Ke3 Rh3 43. Rc8 Rxh4
44. Rf8+ Kg7 45. Re8 Kf7 46. Rh8 Rh1 47. Rh7+ Kg6 48. Re7 Kf6 49. Rh7 h4 50.
Kf2 Rh2+ 51. Kg1 Rh3 52. Kg2 Rg3+ 53. Kf2 Kg5 54. Rg7+ Kh6 55. Rxg3 hxg3+
56. Kxg3 Kg5 57. Kf2 Kf4 58. Ke2 Kg3 59. Ke3 Kh4 60. f4 Kg4 61. fxe5 Kg3 62.
Kd3 Kf3 63. Kd4 Kf4 64. Kd3 Kf3 65. Kd4 Kf4 66. Kd3 Kxe5 67. Ke3 Kd6 68. Kd4
e5+ 69. Kc4 Kc6 70. Kd3 Kc5 71. Kc3 Kb5 72. Kb3 Kc5 73. Kc3 Kb6 74. Kc4 Kc6
75. Kb4 Kb6 76. Ka4 Kc5 77. Kb3 Kd4 78. Kc2 Kxe4 79. Kd1 Kf3 80. Ke1 Ke3 81.
Kf1 Kd2 82. Kf2 e4 83. Kg3 e3 84. Kf4 e2 {White resigns} 0-1

[Event "ICC tourney 2087 (3 2)"]
[Site "Internet Chess Club"]
[Date "2020.10.30"]
[Round "6"]
[White "helavir"]
[Black "GGuseinov"]
[Result "0-1"]
[ICCResult "White forfeits on time"]
[WhiteElo "2258"]
[BlackElo "2828"]
[Opening "Sicilian: accelerated fianchetto, Maróczy bind, 6.Be3"]
[ECO "B38"]
[NIC "SI.33"]
[Time "21:04:17"]
[TimeControl "180+2"]

1. e4 c5 2. Nf3 g6 3. d4 cxd4 4. Nxd4 Nc6 5. c4 Bg7 6. Be3 Nf6 7. Nc3 O-O 8.
Be2 d6 9. O-O Bd7 10. Qd2 Nxd4 11. Bxd4 Bc6 12. f3 Nd7 13. Be3 a5 14. b3 Nc5
15. Rac1 e6 16. Nb5 Be5 17. Bd4 Bxb5 18. cxb5 Bxd4+ 19. Qxd4 e5 20. Qd5 Qb6
21. Kh1 Ne6 22. Bc4 Rac8 23. Qd2 Nd4 24. f4 Kg7 25. f5 f6 26. Rc3 Nxb5 27.
Rh3 g5 28. Qe2 Rxc4 29. Qxc4 Nd4 30. Rc1 Qc6 31. Rcc3 Qxc4 32. Rxc4 Rf7 33.
Rhc3 Nc6 34. Rd3 Rd7 35. Rc5 Kf8 36. Rb5 Ke7 37. Kg1 Kd8 38. Rc3 Ke7 39. Kf2
Kd8 40. Ke3 Rc7 41. Rc4 Kd7 42. Kd2 Kd8 43. Rc3 Kd7 44. g4 Kd8 45. Rd5 Rd7
46. a3 Ke8 47. h4 gxh4 48. Rh3 Rg7 49. Rxh4 Kd7 50. Rh3 Kc7 51. Ke3 b6 52.
Rd2 Nd4 53. Rg2 Nxb3 54. g5 fxg5 55. f6 Rf7 56. Rh6 b5 57. Rxg5 Kc6 58. Rg7
Rf8 59. f7 b4 60. axb4 a4 61. Rf6 a3 62. Rg8 Rxf7 63. Rxf7 a2 64. Rc8+ Kb6
{White forfeits on time}
0-1

[Event "ICC tourney 2087 (3 2)"]
[Site "Internet Chess Club"]
[Date "2020.10.30"]
[Round "6"]
[White "Goran21"]
[Black "funplaychess"]
[Result "0-1"]
[ICCResult "White resigns"]
[WhiteElo "1906"]
[BlackElo "1684"]
[Opening "Sicilian"]
[ECO "B50"]
[NIC "SI.01"]
[Time "21:04:14"]
[TimeControl "180+2"]

1. e4 c5 2. Nf3 d6 3. c3 Nf6 4. Be2 g6 5. O-O Bg7 6. Re1 O-O 7. Bf1 Nc6 8.
h3 d5 9. e5 Ne8 10. d4 cxd4 11. cxd4 f6 12. Nc3 fxe5 13. Nxe5 Nxe5 14. dxe5
e6 15. f4 Bh6 16. g3 Ng7 17. Bd3 Bd7 18. Ne2 Qe8 19. Nd4 Nf5 20. Nxf5 gxf5
21. Kh2 Kh8 22. Rg1 Bb5 23. Be3 Bxd3 24. Qxd3 b6 25. Raf1 Rc8 26. g4 Qa4 27.
Rf2 Qc4 28. Qd1 Qe4 29. Qd2 Rc4 30. b3 Rc6 31. g5 Bg7 32. Bd4 Rfc8 33. Rgg2
Rc1 34. Be3 R1c2 35. Qd4 Rxf2 36. Rxf2 Rc2 37. Qxe4 Rxf2+ 38. Bxf2 fxe4 39.
Bd4 h5 40. gxh6 Bxh6 41. Kg3 Kg7 42. Kg4 Kf7 43. f5 exf5+ 44. Kxf5 e3 45.
e6+ Ke7 46. Bf6+ Ke8 47. Bh4 d4 48. Ke4 Bg7 49. Kd3 b5 50. Bg5 a6 51. h4 Kf8
52. h5 Kg8 53. h6 Be5 54. h7+ Kf8 55. e7+ Kf7 56. Bh4 Bh8 57. b4 Be5 58. Bg5
Bh8 59. a3 Ke8 60. Bh4 Kd7 61. Ke4 Ke8 62. Kd3 Kf7 63. Ke4 Ke8 64. Kd3 Kf7
65. Bg5 Ke8 66. Ke2 Kf7 67. Bh4 Ke8 68. Kf3 Kf7 69. Ke4 Ke8 70. Kf5 d3 71.
Bf6 e2 72. Bxh8 e1=Q 73. Bf6 Qh1 74. Kg6 d2 75. Bh4 Qxh4 76. h8=Q+ Qxh8
{White resigns}
0-1

[Event "ICC tourney 2087 (3 2)"]
[Site "Internet Chess Club"]
[Date "2020.10.30"]
[Round "6"]
[White "Alec-hine"]
[Black "gdavis23"]
[Result "1-0"]
[ICCResult "Black checkmated"]
[WhiteElo "1681"]
[BlackElo "1774"]
[Opening "Trompowsky attack (Ruth, Opocenský opening)"]
[ECO "A45"]
[NIC "QP.07"]
[Time "21:04:10"]
[TimeControl "180+2"]

1. d4 Nf6 2. Bg5 g6 3. e3 Bg7 4. Nf3 O-O 5. Be2 c5 6. c3 cxd4 7. cxd4 Qb6 8.
Qb3 Qxb3 9. axb3 Nc6 10. Nc3 h6 11. Bh4 Re8 12. O-O d6 13. h3 Bd7 14. Rfc1
a6 15. Bxf6 Bxf6 16. Nd5 Rac8 17. Nxf6+ exf6 18. Kf1 d5 19. Ke1 Nb4 20. Kd2
Kf8 21. Ne1 Rxc1 22. Rxc1 Rc8 23. Rxc8+ Bxc8 24. Nd3 Nxd3 25. Bxd3 Ke7 26.
Kc3 Kd6 27. b4 Bd7 28. h4 h5 29. f4 Bg4 30. g3 Bf3 31. Kb3 b5 32. Kc3 Ke6
33. Kd2 Kd6 34. Ke1 Kc6 35. Kf2 Bg4 36. e4 Be6 37. f5 Bd7 38. fxg6 fxg6 39.
e5 Be8 40. exf6 Kd6 41. Kf3 Ke6 42. Kf4 Kxf6 43. Bf1 Bd7 44. Bg2 Be6 45. Bf3
Bf7 46. g4 hxg4 47. Bxg4 Kg7 48. Bc8 Kh6 49. Bxa6 Kh5 50. Kg3 Be8 51. Bb7 g5
52. hxg5 Kxg5 53. Bxd5 Kf5 54. Kf3 Kf6 55. Kf4 Ke7 56. Ke5 Kd7 57. Be4 Kc7
58. d5 Bd7 59. d6+ Kd8 60. Kf6 Be8 61. Bf5 Bc6 62. Ke5 Bf3 63. Kd4 Be2 64.
Kc5 Bc4 65. Bg4 Bd3 66. Bf3 Kd7 67. Bc6+ Ke6 68. Bxb5 Be4 69. Bc4+ Kd7 70.
b5 Bb7 71. Bd5 Bc8 72. Bc6+ Kd8 73. d7 Bxd7 74. Bxd7 Kxd7 75. Kb6 Kc8 76.
Ka7 Kc7 77. b6+ Kc6 78. b7 Kb5 79. b8=Q+ Ka5 80. Qh8 Ka4 81. Qh3 Kb4 82.
Qa3+ Kb5 83. b3 Kc6 84. Qa5 Kd7 85. Qb6 Kc8 86. Qb7+ Kd8 87. Kb6 Ke8 88. Kc6
Kf8 89. Kd6 Kg8 90. Ke6 Kh8 91. Kf6 Kg8 92. Qg7# {Black checkmated} 1-0

[Event "ICC tourney 2087 (3 2)"]
[Site "Internet Chess Club"]
[Date "2020.10.30"]
[Round "6"]
[White "ramennoodle"]
[Black "clair"]
[Result "1-0"]
[ICCResult "Black checkmated"]
[WhiteElo "1281"]
[BlackElo "1237"]
[Opening "Réti opening"]
[ECO "A04"]
[NIC "QP.11"]
[Time "21:04:29"]
[TimeControl "180+2"]

1. Nf3 g6 2. g3 Bg7 3. Bg2 e6 4. O-O Ne7 5. d4 O-O 6. c4 d5 7. Nc3 Nd7 8. e3
Nf6 9. b3 b6 10. Bb2 Bb7 11. Rc1 Rb8 12. Ne5 dxc4 13. bxc4 Bxg2 14. Kxg2 Nd7
15. Nd3 c5 16. Ne2 Rc8 17. Qb3 cxd4 18. exd4 Qc7 19. Rfd1 Nf5 20. Nb4 Rfe8
21. a4 Nd6 22. c5 bxc5 23. dxc5 Bxb2 24. Qxb2 Nxc5 25. Nd4 Qb7+ 26. Kg1 a5
27. Nd3 Nxd3 28. Qxb7 Nxb7 29. Rxc8 Rxc8 30. Rxd3 Rc4 31. Nb5 Rxa4 32. Rc3
Ra1+ 33. Kg2 a4 34. Rc7 Na5 35. Ra7 Nb3 36. Nd6 a3 37. Nxf7 a2 38. Nh6+ Kf8
39. Ng4 h5 40. Ra8+ Kf7 41. Ra7+ Ke8 42. Ne5 Rg1+ 43. Kxg1 a1=Q+ 44. Rxa1
Nxa1 45. Nxg6 Kf7 46. Nf4 Nc2 47. Nxh5 Nd4 48. Nf4 Nf5 49. Nd3 Kf6 50. f4
Ne3 51. Kf2 Ng4+ 52. Kg2 Ne3+ 53. Kf3 Nf1 54. h4 Nh2+ 55. Kg2 Ng4 56. h5
Ne3+ 57. Kf3 Nf5 58. g4 Nd4+ 59. Ke4 Ne2 60. g5+ Kg7 61. h6+ Kh7 62. Ne5
Ng3+ 63. Kf3 Nf5 64. Ng4 Nh4+ 65. Ke4 Nf5 66. Nf6+ Kh8 67. Ke5 Ng7 68. hxg7+
Kxg7 69. Kxe6 Kg6 70. f5+ Kg7 71. Ne4 Kf8 72. f6 Kg8 73. f7+ Kf8 74. Ng3 Kg7
75. Nf5+ Kf8 76. Nd4 Kg7 77. Ke7 Kh7 78. g6+ Kxg6 79. f8=Q Kh7 80. Nf5 Kg6
81. Ke6 Kg5 82. Qb4 Kg6 83. Qg4+ Kh7 84. Qg7# {Black checkmated} 1-0

[Event "ICC tourney 2087 (3 2)"]
[Site "Internet Chess Club"]
[Date "2020.10.30"]
[Round "6"]
[White "turbopawn"]
[Black "Openyagami"]
[Result "0-1"]
[ICCResult "White resigns"]
[WhiteElo "2580"]
[BlackElo "2767"]
[Opening "Sicilian defense"]
[ECO "B30"]
[NIC "SI.31"]
[Time "21:05:05"]
[TimeControl "180+2"]

1. e4 c5 2. Nf3 Nc6 3. g3 Nf6 4. d3 g6 5. Bg2 Bg7 6. O-O d6 7. c3 Bg4 8. h3
Bxf3 9. Bxf3 O-O 10. a4 a6 11. Bg2 Qc7 12. Na3 Rfb8 13. f4 Ra7 14. Be3 b5
15. e5 Nd7 16. d4 b4 17. Nc2 bxc3 18. bxc3 Na5 19. Rb1 Rxb1 20. Qxb1 Nc4 21.
Qb3 Nxe3 22. Nxe3 e6 23. d5 c4 24. Nxc4 dxe5 25. dxe6 fxe6 26. Kh2 exf4 27.
Rxf4 Bf6 28. Ne3 Nc5 29. Qc4 Be5 30. Rf3 h5 31. h4 Kg7 32. Kh3 Qd6 33. g4
Nd3 34. Nd5 Nb2 35. Qb3 hxg4+ 36. Kxg4 exd5 37. Qxb2 Qe6+ 38. Kg5 Qe7+ 39.
Kg4 Qe6+ 40. Kg5 Bf6+ 41. Kf4 Rf7 42. Kg3 Be5+ 43. Kf2 Rxf3+ 44. Bxf3 Qh3
45. Qb7+ Kh6 46. Qxd5 Qxh4+ 47. Ke2 Bxc3 48. Qc6 Qd4 49. Be4 Qd2+ 50. Kf3
Qd1+ 51. Kf4 Qc1+ 52. Kf3 Qf1+ 53. Ke3 Qe1+ 54. Kd3 Qd2+ 55. Kc4 Qd4+ 56.
Kb3 Qb4+ 57. Kc2 Qb2+ 58. Kd3 Bf6 59. Qxa6 Qd4+ 60. Kc2 Qxe4+ 61. Kb3 Qd5+
62. Kc2 Qa2+ 63. Kd3 Qb3+ 64. Ke2 Qc2+ 65. Kf3 Qc3+ 66. Ke2 Bd4 67. Qe6 Qc2+
68. Kf3 Qf5+ {White resigns} 0-1

[Event "ICC tourney 2087 (3 2)"]
[Site "Internet Chess Club"]
[Date "2020.10.30"]
[Round "6"]
[White "kurumania"]
[Black "TjkTiger"]
[Result "0-1"]
[ICCResult "White resigns"]
[WhiteElo "2757"]
[BlackElo "2352"]
[Opening "Sicilian: Hungarian variation"]
[ECO "B27"]
[NIC "SI.43"]
[Time "21:04:13"]
[TimeControl "180+2"]

1. e4 c5 2. Nf3 g6 3. c3 d5 4. exd5 Qxd5 5. d4 Bg7 6. Be3 cxd4 7. cxd4 Qa5+
8. Nc3 Nh6 9. Bc4 O-O 10. O-O Nf5 11. Bf4 Nc6 12. d5 Qb4 13. Qb3 Qxb3 14.
axb3 Ncd4 15. Nxd4 Nxd4 16. Rae1 e6 17. Be5 Bxe5 18. Rxe5 exd5 19. Bxd5 Rb8
20. Rd1 Nc6 21. Re3 Bf5 22. h3 h5 23. Kh2 a6 24. Kg3 Nb4 25. Bf3 Be6 26. Rd6
b5 27. Ne4 Rfd8 28. Rxd8+ Rxd8 29. Nc5 Bf5 30. Kf4 Rc8 31. Ne4 Nd5+ 32. Ke5
Nxe3 33. fxe3 Bxe4 34. Bxe4 Kg7 35. Kd4 Rc7 36. Bd5 f5 37. b4 Kf6 38. h4 Rc2
39. b3 Rc7 40. Bf3 Ke6 41. Bd5+ Kd6 42. Bf3 Ra7 43. Bd5 Rc7 44. Bf3 Rc2 45.
Kd3 Ra2 46. Kd4 Ra1 47. Bb7 a5 48. bxa5 Rxa5 49. Bd5 Ra7 50. Bf3 Ra1 51. Kc3
Kc5 52. b4+ Kd6 53. Kd4 Rc1 54. Be2 Rc2 55. Bxb5 Rxg2 56. Be8 Rg4+
{White resigns}
0-1

[Event "ICC tourney 2087 (3 2)"]
[Site "Internet Chess Club"]
[Date "2020.10.30"]
[Round "7"]
[White "speedskater"]
[Black "jsl1996"]
[Result "1/2-1/2"]
[ICCResult "Game drawn by mutual agreement"]
[WhiteElo "1886"]
[BlackElo "2127"]
[Opening "QGD: Ragozin variation"]
[ECO "D38"]
[NIC "NI.27"]
[Time "21:34:51"]
[TimeControl "180+2"]

1. d4 Nf6 2. c4 e6 3. Nf3 d5 4. Nc3 Bb4 5. Qb3 c5 6. dxc5 Na6 7. a3 Bxc3+ 8.
Qxc3 Nxc5 9. cxd5 Nce4 10. Qd4 Qxd5 11. Qxd5 Nxd5 12. Nd2 Nc5 13. e4 Nf4 14.
Nc4 Nfd3+ 15. Bxd3 Nxd3+ 16. Ke2 Nc5 17. f3 b6 18. Nd6+ Ke7 19. Bf4 Ba6+ 20.
Ke3 Nd3 21. Rhd1 Nxb2 22. Rdc1 Rhd8 23. Rc7+ Rd7 24. Rxd7+ Kxd7 25. Nxf7 Rc8
26. Ne5+ Ke7 27. Kd2 h6 28. Rc1 Rxc1 29. Kxc1 Nc4 30. Nxc4 Bxc4 31. Kd2
{Game drawn by mutual agreement}
1/2-1/2

[Event "ICC tourney 2087 (3 2)"]
[Site "Internet Chess Club"]
[Date "2020.10.30"]
[Round "7"]
[White "aplusk"]
[Black "Alec-hine"]
[Result "1-0"]
[ICCResult "Black checkmated"]
[WhiteElo "2677"]
[BlackElo "1681"]
[Opening "Grünfeld: Three knights variation"]
[ECO "D90"]
[NIC "GI.07"]
[Time "21:34:54"]
[TimeControl "180+2"]

1. c4 Nf6 2. Nc3 g6 3. d4 d5 4. Nf3 Bg7 5. h4 c5 6. dxc5 Qa5 7. cxd5 Nxd5 8.
Qxd5 Bxc3+ 9. Bd2 Bxd2+ 10. Qxd2 Qxd2+ 11. Nxd2 Na6 12. Rc1 Be6 13. e4 O-O
14. Bxa6 bxa6 15. Ke2 Rfc8 16. Rc2 Rab8 17. b3 a5 18. c6 a4 19. Ra1 Rb6 20.
c7 Rb7 21. Rac1 axb3 22. Nxb3 Bxb3 23. axb3 Rxb3 24. Rd1 Rxc7 25. Rxc7 Rb2+
26. Rd2 Rb4 27. Rxe7 a5 28. Rd8+ Kg7 29. Rdd7 a4 30. Rxf7+ Kg8 31. Rg7+ Kh8
32. Rxh7+ Kg8 33. Kf3 a3 34. Rhe7 Kf8 35. Rh7 Kg8 36. Rdg7+ Kf8 37. Ra7 Rb3+
38. Kf4 Kg8 39. Rhg7+ Kh8 40. Rgb7 a2 41. Ra8# {Black checkmated} 1-0

[Event "ICC tourney 2087 (3 2)"]
[Site "Internet Chess Club"]
[Date "2020.10.30"]
[Round "7"]
[White "manest"]
[Black "turbopawn"]
[Result "1-0"]
[ICCResult "Black checkmated"]
[WhiteElo "2716"]
[BlackElo "2570"]
[Opening "Nimzovich-Larsen attack: modern variation"]
[ECO "A01"]
[NIC "VO.08"]
[Time "21:34:49"]
[TimeControl "180+2"]

1. b3 e5 2. Bb2 Nc6 3. e3 Nf6 4. Nf3 Bd6 5. d3 O-O 6. Nbd2 Re8 7. Be2 Bf8 8.
c4 d5 9. cxd5 Nxd5 10. a3 a5 11. O-O f6 12. Qc2 Be6 13. d4 exd4 14. Nxd4
Nxd4 15. Bxd4 Qd7 16. Rfd1 Qf7 17. Nf3 Rad8 18. Bc4 Kh8 19. Bb2 c6 20. Nd4
Bg4 21. Re1 Qh5 22. h3 Bc8 23. Be2 Qh6 24. Bf3 Re5 25. Rad1 Bd6 26. e4 Nf4
27. Nf5 Bxf5 28. exf5 Rxe1+ 29. Rxe1 Qg5 30. Kf1 h5 31. Bc1 Qh4 32. Re4 Be5
33. Bxf4 Bxf4 34. Qc4 Rd2 35. Re8+ Kh7 36. Qg8+ Kh6 37. Qh8+ Kg5 38. Qxg7+
Kxf5 39. Be4# {Black checkmated} 1-0

[Event "ICC tourney 2087 (3 2)"]
[Site "Internet Chess Club"]
[Date "2020.10.30"]
[Round "7"]
[White "jy2020"]
[Black "DarwinLaylo01"]
[Result "1-0"]
[ICCResult "Black resigns"]
[WhiteElo "1713"]
[BlackElo "1687"]
[Opening "Scandinavian defense"]
[ECO "B01"]
[NIC "SD.03"]
[Time "21:34:51"]
[TimeControl "180+2"]

1. e4 d5 2. exd5 Nf6 3. d4 Bg4 4. Nf3 Qxd5 5. Be2 Nc6 6. h3 Bxf3 7. Bxf3
Qe6+ 8. Be3 Nd5 9. Qd2 O-O-O 10. O-O g6 11. Nc3 Nxe3 12. fxe3 Bg7 13. Qe2
Qd6 14. Nb5 Qb4 15. a3 Qa5 16. c4 a6 17. Nc3 f5 18. Bxc6 bxc6 19. c5 Rxd4
20. exd4 Bxd4+ 21. Kh1 Qxc5 22. Rac1 Kb7 23. Qe6 Qd6 24. Rfe1 Rd8 25. Qxe7
h5 26. Rcd1 c5 27. Qxd6 Rxd6 28. Ne2 h4 29. Nxd4 cxd4 30. Re5 Kb6 31. Kg1 a5
32. Rde1 c6 33. Re6 Rd7 34. Rxg6 d3 35. Rd1 Kc5 36. Re6 Rd5 37. Kf2 Kd4 38.
Rxc6 f4 39. Rc3 {Black resigns} 1-0

[Event "ICC tourney 2087 (3 2)"]
[Site "Internet Chess Club"]
[Date "2020.10.30"]
[Round "7"]
[White "gdavis23"]
[Black "helavir"]
[Result "0-1"]
[ICCResult "White checkmated"]
[WhiteElo "1783"]
[BlackElo "2259"]
[Opening "Caro-Kann defense"]
[ECO "B10"]
[NIC "CK.01"]
[Time "21:35:07"]
[TimeControl "180+2"]

1. e4 c6 2. Nf3 d5 3. exd5 cxd5 4. d4 Nc6 5. c3 Bg4 6. h3 Bh5 7. Be2 e6 8.
Bf4 Nf6 9. Nbd2 Be7 10. Ne5 Bxe2 11. Qxe2 O-O 12. g4 Rc8 13. g5 Nd7 14. h4
Ndxe5 15. Bxe5 Nxe5 16. Qxe5 Bd6 17. Qe2 e5 18. dxe5 Bxe5 19. O-O Re8 20.
Qd3 Qd7 21. Qf3 Qa4 22. c4 dxc4 23. Ne4 c3 24. Rfe1 cxb2 25. Rab1 Qxa2 26.
Qe3 Qe6 27. Qf3 Kh8 28. Ng3 Qb6 29. Qxf7 Rf8 30. Rxe5 Rxf7 31. Nf5 Rc1+ 32.
Kg2 Qc6+ 33. Kh2 Rxb1 34. Nd4 Rxf2+ 35. Kg3 Qg2# {White checkmated} 0-1

[Event "ICC tourney 2087 (3 2)"]
[Site "Internet Chess Club"]
[Date "2020.10.30"]
[Round "7"]
[White "MiamiBoy"]
[Black "spellking98"]
[Result "1-0"]
[ICCResult "Black forfeits on time"]
[WhiteElo "1718"]
[BlackElo "1793"]
[Opening "Pirc: Sveshnikov system"]
[ECO "B07"]
[NIC "PU.07"]
[Time "21:34:52"]
[TimeControl "180+2"]

1. e4 d6 2. d4 Nf6 3. Nc3 g6 4. g3 Bg7 5. Bg2 O-O 6. Nge2 c6 7. O-O e5 8.
Re1 Nbd7 9. h3 Qc7 10. Be3 a5 11. f4 exd4 12. Nxd4 a4 13. Rb1 a3 14. b3 Nc5
15. Qd2 Re8 16. Bf2 Bd7 17. Rbd1 Rad8 18. b4 Na6 19. Nb1 c5 20. bxc5 dxc5
21. Nb3 Bxh3 22. Qa5 Rxd1 23. Rxd1 Qxa5 24. Nxa5 Bxg2 25. Kxg2 Nxe4 26. Nxb7
Nxf2 27. Kxf2 Bd4+ 28. Kf3 Re3+ 29. Kg4 {Black forfeits on time} 1-0

[Event "ICC tourney 2087 (3 2)"]
[Site "Internet Chess Club"]
[Date "2020.10.30"]
[Round "7"]
[White "IndianTerritory"]
[Black "Goran21"]
[Result "1-0"]
[ICCResult "Black checkmated"]
[WhiteElo "1753"]
[BlackElo "1882"]
[Opening "Sicilian: Najdorf, Byrne (English) attack"]
[ECO "B90"]
[NIC "SI.14"]
[Time "21:34:55"]
[TimeControl "180+2"]

1. e4 c5 2. Nf3 d6 3. d4 cxd4 4. Nxd4 Nf6 5. Nc3 a6 6. Be3 e5 7. Nb3 Be7 8.
Be2 Be6 9. f4 exf4 10. Bxf4 Nc6 11. Qd2 O-O 12. Rd1 Ne5 13. Nd4 Qb6 14. Qc1
Rac8 15. O-O Rfd8 16. Be3 Qc7 17. Nf5 Bxf5 18. Rxf5 Nc4 19. Bd4 Ne5 20. Rd2
b5 21. a4 b4 22. Nd5 Nxd5 23. exd5 g6 24. Rf2 Bg5 25. Bxa6 Bxd2 26. Qxd2 Rb8
27. Bb5 f5 28. Qxb4 Ng4 29. Re2 Rd7 30. Qe1 Rf7 31. Re8+ Rxe8 32. Qxe8+ Rf8
33. Qe6+ Qf7 34. Qxd6 f4 35. Bc5 Rc8 36. Bd7 f3 37. Bxc8 f2+ 38. Kf1 Kg7 39.
Bxg4 h5 40. Bd4+ Kh6 41. Be6 Qb7 42. Qf8+ Kg5 43. h4+ Kxh4 44. Qf4#
{Black checkmated}
1-0

[Event "ICC tourney 2087 (3 2)"]
[Site "Internet Chess Club"]
[Date "2020.10.30"]
[Round "7"]
[White "TjkTiger"]
[Black "Openyagami"]
[Result "0-1"]
[ICCResult "White resigns"]
[WhiteElo "2349"]
[BlackElo "2770"]
[Opening "English: symmetrical variation"]
[ECO "A30"]
[NIC "EO.64"]
[Time "21:34:56"]
[TimeControl "180+2"]

1. c4 c5 2. g3 g6 3. Bg2 Bg7 4. Nc3 d6 5. Nf3 Nc6 6. O-O Bf5 7. h3 Nf6 8. d3
O-O 9. Be3 a6 10. Qd2 Re8 11. Bh6 Bh8 12. Rac1 Rb8 13. b3 b5 14. Nh4 Bd7 15.
f4 bxc4 16. dxc4 Qc8 17. Kh2 a5 18. Nd5 a4 19. bxa4 Nd4 20. e3 Nf5 21. Nxf5
Bxf5 22. Nc3 Be6 23. Nb5 Bf5 24. Qe2 Be4 25. Bxe4 Nxe4 26. Qg2 Qc6 27. f5
Be5 28. Bf4 Bf6 29. g4 g5 30. Bg3 Ra8 31. h4 h6 32. Nc3 Bxc3 33. Rxc3 Rxa4
34. Rc2 Qa8 35. Be1 Nf6 36. Rg1 Qxg2+ 37. Rgxg2 Rb8 38. hxg5 hxg5 39. Kh3
Nd7 40. Bg3 f6 41. Rc3 Rbb4 42. Rgc2 Kf7 43. Be1 Rb1 44. Bd2 Ne5 45. Rb3
Rxa2 46. Rxa2 Rxb3 47. Ra7 Nxc4 48. Bc1 Rc3 49. Ra1 Nxe3 50. Bd2 Rd3 51. Ba5
Nc2+ {White resigns} 0-1

[Event "ICC tourney 2087 (3 2)"]
[Site "Internet Chess Club"]
[Date "2020.10.30"]
[Round "7"]
[White "GGuseinov"]
[Black "kurumania"]
[Result "0-1"]
[ICCResult "White forfeits on time"]
[WhiteElo "2809"]
[BlackElo "2776"]
[Opening "French: Rubinstein variation"]
[ECO "C03"]
[NIC "FR.07"]
[Time "21:34:50"]
[TimeControl "180+2"]

1. e4 e6 2. d4 d5 3. Nd2 dxe4 4. Nxe4 Nd7 5. Nf3 Ngf6 6. Nxf6+ Nxf6 7. Be3
Bd6 8. Bd3 O-O 9. Qe2 b6 10. O-O-O Bb7 11. h4 c5 12. dxc5 bxc5 13. h5 h6 14.
Nd2 Qc7 15. Nc4 Be7 16. Bd2 Nd5 17. Qe4 Nf6 18. Qe2 Nd5 19. Qg4 Kh8 20. Rhe1
Rab8 21. Ne5 Nf6 22. Qg3 Rbc8 23. Bc3 Nxh5 24. Nxf7+ Rxf7 25. Qg6 Bg5+ 26.
Kb1 Nf6 27. Rxe6 c4 28. Bf5 Rd8 29. Rde1 Bc8 30. Bxf6 gxf6 31. Re8+ Rf8 32.
Rxf8+ Rxf8 33. Bxc8 Rxc8 34. a3 c3 35. f4 Qxf4 36. Ka2 cxb2 37. Re8+ Rxe8
38. Qxe8+ Kg7 39. Qd7+ Kg6 40. Qe8+ Kf5 41. Qd7+ Ke4 42. Qd3+ Ke5 43. Qb5+
Kd6 44. Qb8+ Kc6 45. Qe8+ Kb7 46. Qb5+ Kc7 47. Qc5+ Kb8 48. Qb5+ Kc7 49.
Qc5+ Kd7 50. Qb5+ Ke6 51. Qe8+ Kf5 52. Qd7+ Ke5 53. Qe8+ Kd4 54. Qd7+ Ke3
55. Qxa7+ Kd2 56. Kxb2 Qe5+ 57. Kb1 Qb5+ 58. Ka1 Be3 59. Qd7+ Qxd7
{White forfeits on time}
0-1

[Event "ICC tourney 2087 (3 2)"]
[Site "Internet Chess Club"]
[Date "2020.10.30"]
[Round "7"]
[White "Ben2008"]
[Black "ramennoodle"]
[Result "1/2-1/2"]
[ICCResult "Game drawn because neither player has mating material"]
[WhiteElo "1442"]
[BlackElo "1288"]
[Opening "Philidor: Improved Hanham variation"]
[ECO "B07"]
[NIC "PU.08"]
[Time "21:35:46"]
[TimeControl "180+2"]

1. e4 d6 2. d4 Nf6 3. Nc3 e5 4. Nf3 Nbd7 5. dxe5 dxe5 6. Bc4 Bb4 7. Qd3 O-O
8. O-O Qe7 9. Bg5 Nc5 10. Nd5 Nxd5 11. Qxd5 Qe6 12. Qxe6 Bxe6 13. Bxe6 Nxe6
14. Be3 f6 15. Rfd1 Rfd8 16. a3 Bc5 17. Rd3 Rxd3 18. cxd3 Bxe3 19. fxe3 Rd8
20. Rd1 Nc5 21. Rc1 b6 22. d4 exd4 23. exd4 Nxe4 24. Rxc7 a6 25. Rc6 Rd6 26.
Rxd6 Nxd6 27. Nd2 Kf7 28. Kf2 Ke6 29. Ke3 Kd5 30. Kd3 Nf5 31. Nf3 h5 32. b3
g5 33. h3 g4 34. hxg4 hxg4 35. Nh2 Nxd4 36. Nxg4 Nxb3 37. Nxf6+ Ke6 38. Ne4
Nc1+ 39. Kd2 Nb3+ 40. Kd3 Na5 41. Nd2 Nc6 42. Nc4 b5 43. Nd2 Kd5 44. Nb3
Ne5+ 45. Kc3 Nc6 46. Nd2 Ke5 47. Nf3+ Kf4 48. Nd2 Kg3 49. Ne4+ Kxg2 50. Nc5
a5 51. Nb7 Kf3 52. Nxa5 Nxa5 53. Kb4 Nc4 54. Kxb5 Nxa3+
{Game drawn because neither player has mating material}
1/2-1/2

[Event "ICC tourney 2087 (3 2)"]
[Site "Internet Chess Club"]
[Date "2020.10.30"]
[Round "7"]
[White "MrNormalName"]
[Black "challenger2010"]
[Result "0-1"]
[ICCResult "White forfeits on time"]
[WhiteElo "1881"]
[BlackElo "1921"]
[Opening "King's Indian: Andersson variation"]
[ECO "E92"]
[NIC "KI.18"]
[Time "21:35:37"]
[TimeControl "180+2"]

1. d4 Nf6 2. c4 g6 3. Nc3 Bg7 4. e4 d6 5. Nf3 O-O 6. Be2 e5 7. dxe5 dxe5 8.
Qxd8 Rxd8 9. Nd5 Nxd5 10. cxd5 c6 11. Bc4 b5 12. Bb3 Bb7 13. Bg5 Rd7 14. Rc1
a5 15. O-O a4 16. dxc6 Nxc6 17. Bd5 Na5 18. Bxb7 Rxb7 19. Rfd1 Bf8 20. Nxe5
Bg7 21. Nd3 Rd7 22. Kf1 h6 23. Bf4 Rad8 24. Ke2 g5 25. Bc7 Ra8 26. Bxa5 Rxa5
27. Rc8+ Kh7 28. Rc5 Rd4 29. Ke3 Rc4 30. Rc1 Bd4+ 31. Kd2 Bxc5 32. Nxc5 Rxc1
33. Kxc1 Ra7 34. Kd2 Rc7 35. Nd3 Kg7 36. f3 a3 37. b3 Kf6 38. Nb4 Ke5 39.
Nd5 Rc5 40. Kd3 Rc1 41. Nc3 Rg1 42. g3 Rg2 43. Nxb5 Rxa2 44. Ke3 Rb2 45. f4+
gxf4+ 46. gxf4+ Kf6 47. e5+ Kg7 48. Kd3 a2 49. Kc3 a1=Q {White forfeits on
time} 0-1